 Dungeon Crawl Stone Soup version 0.22-a0-872-g6a232dd (webtiles) character file.

16584 Firecrotchwizard the Grappler (level 12, -9/115 HPs)
             Began as a Troll Fighter on July 28, 2018.
             Was a Priest of Qazlal.
             Mangled by a six-headed hydra (10 damage)
             ... on level 3 of the Lair of Beasts.
             The game lasted 00:21:22 (10598 turns).

Firecrotchwizard the Grappler (Troll Fighter)      Turns: 10598, Time: 00:21:23

Health: -9/115     AC: 10    Str: 30    XL:     12   Next: 11%
Magic:  15/18      EV: 10    Int:  5    God:    Qazlal [***...]
Gold:   314        SH: 18    Dex:  9    Spells: 11/11 levels left

rFire    . . .     SeeInvis .     - Unarmed
rCold    + . .     Gourm    +   B - +2 shield
rNeg     . . .     Faith    .   y - +2 robe {rC+}
rPois    +         Spirit   .   m - +2 hat
rElec    .         Reflect  .   i - +0 cloak
rCorr    .         Harm     .   (gloves unavailable)
MR       +....                  (boots unavailable)
Stlth    +.........             (no amulet)
HPRegen  0.69/turn              M - ring of protection from magic {MR+, !d}
MPRegen  0.16/turn              H - ring of poison resistance {rPois, !d}

@: no status effects
A: large, unfitting armour, claws 3, fast metabolism 3, gourmand, regeneration
1, shaggy fur 1, tough skin 2
a: Upheaval, Elemental Force, Renounce Religion


You were on level 3 of the Lair of Beasts.
You worshipped Qazlal.
Qazlal was most pleased with you.
You were very full.

You visited 3 branches of the dungeon, and saw 13 of its levels.
You also visited: Sewer and Bailey.

You collected 514 gold pieces.
You spent 200 gold pieces at shops.

Inventory:

Missiles
 s - a throwing net {=f, !d}
Armour
 a - a +0 robe
 b - a +0 shield
 i - a +0 cloak (worn)
   (You found it on level 1 of the Dungeon)
 m - a +2 hat (worn)
   (You found it on level 2 of the Dungeon)
 y - a +2 robe of cold resistance (worn)
   (You took it off Pikel on level 6 of the Dungeon)
 B - a +2 shield (worn)
   (You found it on level 7 of the Dungeon)
Jewellery
 j - an uncursed ring of see invisible {sInv, !d}
   (You found it on level 1 of the Dungeon)
 H - a ring of poison resistance (right claw) {rPois, !d}
   (You bought it in a shop on level 4 of the Dungeon)
 M - a ring of protection from magic (left claw) {MR+, !d}
   (You found it on level 2 of the Lair of Beasts)
Wands
 o - a wand of acid (3)
   (You took it off Maurice on level 8 of the Dungeon)
 x - a wand of digging (14)
   (You took it off an orc on level 6 of the Dungeon)
 E - a wand of disintegration (12) {@e1}
   (You found it on level 8 of the Dungeon)
Scrolls
 e - 5 scrolls of teleportation {unknown}
 h - 4 scrolls of identify
 k - 4 scrolls of remove curse
 l - a scroll of amnesia {unknown}
 p - 3 scrolls of enchant armour {unknown}
 q - 2 scrolls of noise {unknown}
 t - a scroll of enchant weapon {unknown}
 v - 6 scrolls of blinking {!r}
 A - 2 scrolls of fog {unknown}
 G - 2 scrolls of magic mapping {unknown}
 I - a scroll of immolation {unknown}
 K - a scroll of fear {unknown}
 N - a scroll of random uselessness {unknown}
Potions
 c - 2 potions of might
 g - 3 potions of brilliance
 n - 7 potions of curing
 r - a potion of berserk rage {unknown}
 u - 4 potions of flight
 w - a potion of invisibility {unknown}
 z - 4 potions of lignification {!q}
 C - a potion of mutation {unknown}
 D - 2 potions of magic {unknown}
 F - a potion of resistance {unknown}
Miscellaneous
 J - a sack of spiders
Comestibles
 d - 23 rations {@e1}
 L - 5 chunks of flesh {@w0}


   Skills:
 - Level 6.9 Fighting
 + Level 1.5 Armour
 - Level 2.4 Dodging
 - Level 9.0 Shields
 + Level 11.2 Unarmed Combat
 + Level 9.6 Invocations


You had 11 spell levels left.
You didn't know any spells.
Your spell library contained the following spells:

 Spells                   Type           Power        Failure   Level  Hunger
 Animate Dead             Necr           N/A          99%         4    #####..
 Pain                     Necr           #...         47%         1    ##.....
 Animate Skeleton         Necr           N/A          47%         1    ##.....
 Vampiric Draining        Necr           #.........   85%         3    ####...
 Regeneration             Chrm/Necr      #.........   85%         3    ####...
 Spider Form              Tmut/Pois      #.........   85%         3    ####...
 Blade Hands              Tmut           #.........   100%        5    ######.
 Ice Form                 Ice/Tmut       #.......     99%         4    #####..
 Death Channel            Necr           #.........   100%        6    #######
 Deflect Missiles         Chrm/Air       #.........   100%        6    #######
 Passwall                 Tmut/Erth      #.......     63%         2    ###....
 Sticks to Snakes         Tmut           #.......     63%         2    ###....
 Silence                  Hex/Air        #.........   100%        5    ######.
 Shatter                  Erth           #.........   100%        9    #######
 Conjure Ball Lightning   Conj/Air       #.........   100%        6    #######
 Tornado                  Air            #.........   100%        9    #######
 Beastly Appendage        Tmut           #.....       47%         1    ##.....
 Summon Lightning Spire   Summ/Air       #.......     99%         4    #####..


Dungeon Overview and Level Annotations

Branches:
Dungeon (9/15)             Temple (1/1) D:6            Lair (3/6) D:8
 Shoals (0/4) Lair:2        Snake (0/4) Lair:2
    Orc: D:9-12

Altars:
Ashenzari
Cheibriados
Dithmenos
Elyvilon
Fedhas
Gozag
Kikubaaqudgha
Makhleb
Nemelex Xobeh
Okawaru
Qazlal
Ru
Sif Muna
Trog
Uskayaw
Vehumet
Wu Jian
Xom
Yredelemnul
The Shining One

Shops:
D:4 =

Annotations:
D:8 1 runed door


Innate Abilities, Weirdness & Mutations

You are too large for most types of armour.
You have claws for hands.
Your metabolism is lightning-fast.
You like to eat raw meat.
Your natural rate of healing is unusually fast.
You are covered in fur. (AC +1)
You have very tough skin. (AC +2)


Message History

You barely miss the spiny frog. You block the spiny frog's attack.
You claw the spiny frog! You block the spiny frog's attack.
You closely miss the spiny frog. You block the spiny frog's attack.
You mangle the spiny frog!!
You kill the spiny frog!
Qazlal accepts your kill.
The five-headed hydra barely misses you.
You block the five-headed hydra's attack. x4
A blizzard blasts the area with ice!
You hear a loud, deep croak!
The five-headed hydra closely misses you.
The five-headed hydra barely misses you.
You block the five-headed hydra's attack.
The five-headed hydra bites you but does no damage.
You block the five-headed hydra's attack.
You now have 14/18 mp.
You claw one of the five-headed hydra's heads off!
The four-headed hydra grows two more!
You claw the six-headed hydra!
You block the six-headed hydra's attack. x3
The six-headed hydra bites you! x2; The six-headed hydra bites you.
You take 25 damage, and have 70/115 hp.
MASSIVE DAMAGE!!
The bolt of acid hits the six-headed hydra.
The six-headed hydra is splashed with acid.
The acid corrodes the six-headed hydra!
You block the six-headed hydra's attack. x2
The six-headed hydra bites you! x3; The six-headed hydra bites you.
* * * LOW HITPOINT WARNING * * *
You take 37 damage, and have 33/115 hp.
MASSIVE DAMAGE!!
The bolt of acid hits the six-headed hydra.
The six-headed hydra is splashed with acid.
The acid corrodes the six-headed hydra!
A bullfrog comes into view.
The six-headed hydra bites you but does no damage.
The six-headed hydra bites you.
* * * LOW HITPOINT WARNING * * *
The six-headed hydra barely misses you.
You block the six-headed hydra's attack.
The six-headed hydra bites you!
* * * LOW HITPOINT WARNING * * *
The six-headed hydra bites you but does no damage.
You take 18 damage, and have 15/115 hp.
Okay, then.
You feel much better.
The bullfrog croaks.
The six-headed hydra bites you!
* * * LOW HITPOINT WARNING * * *
The six-headed hydra barely misses you.
You block the six-headed hydra's attack. x2
The six-headed hydra bites you!
* * * LOW HITPOINT WARNING * * *
The six-headed hydra misses you.
You regained 9 hp, and now have 24/115 hp.
You feel much better.
You block the six-headed hydra's attack.
The six-headed hydra bites you.
The six-headed hydra closely misses you.
The six-headed hydra bites you but does no damage.
You block the six-headed hydra's attack.
The six-headed hydra bites you but does no damage.
The bullfrog snags a nearby mosquito with its tongue.
You regained 15 hp, and now have 39/115 hp.
The bolt of acid hits the six-headed hydra.
The six-headed hydra is splashed with acid.
You block the six-headed hydra's attack. x3
The six-headed hydra closely misses you.
The six-headed hydra misses you. The six-headed hydra bites you!
* * * LOW HITPOINT WARNING * * *
You take 8 damage, and have 31/115 hp.
The bolt of acid misses the six-headed hydra.
You block the six-headed hydra's attack. x2
The six-headed hydra bites you.
* * * LOW HITPOINT WARNING * * *
You block the six-headed hydra's attack.
The six-headed hydra barely misses you.
The six-headed hydra bites you but does no damage.
The bullfrog barely misses you.
You take 5 damage, and have 26/115 hp.
The bolt of acid hits the six-headed hydra.
The six-headed hydra is splashed with acid.
The acid corrodes the six-headed hydra!
You block the bullfrog's attack.
You block the six-headed hydra's attack.
The six-headed hydra closely misses you.
The six-headed hydra bites you!
* * * LOW HITPOINT WARNING * * *
You block the six-headed hydra's attack.
The six-headed hydra bites you.
* * * LOW HITPOINT WARNING * * *
The six-headed hydra bites you.
* * * LOW HITPOINT WARNING * * *
You take 17 damage, and have 9/115 hp.
The bolt of acid hits the six-headed hydra.
The six-headed hydra is splashed with acid.
The acid corrodes the six-headed hydra!
You block the bullfrog's attack. The six-headed hydra barely misses you.
The six-headed hydra bites you!
* * * LOW HITPOINT WARNING * * *
You block the six-headed hydra's attack.
The six-headed hydra bites you!
You die...

##### .
#...######..
#.......(...
#.......%..# .
#@..........
...##FD..#... .
#..)....<รท##....
P...###..........
... #.......... .
##.#.......
....?..$..
##.#.......
.......##.


You could see a six-headed hydra and a bullfrog.

Vanquished Creatures
  Gastronok (D:8)
  A hydra (Lair:2)
  4 death yaks (Lair:1)
  A two-headed ogre (D:9)
  Pikel (D:6)
  A wolf spider (Lair:1)
  A manticore (Lair:2)
  3 black mambas (Lair:1)
  Maurice (D:8)
  3 spiny frogs
  A komodo dragon (Lair:1)
  A kobold demonologist (D:9)
  Prince Ribbit (D:8)
  3 blink frogs (Lair:1)
  3 hippogriffs
  A wyvern (D:9)
  A basilisk (Lair:1)
  A hungry ghost (D:7)
  3 nagas (Lair:2)
  2 water moccasins
  3 orc warriors
  3 sky beasts
  An ice beast (D:7)
  A black bear (Lair:2)
  An eye of draining (D:9)
  A slave (D:6)
  5 ogres
  2 centaurs (D:7)
  6 wolves (Lair:3)
  7 crocodiles
  5 big kobolds
  7 bullfrogs
  A water moccasin skeleton (D:5)
  A wyvern skeleton (D:8)
  2 scorpions
  5 killer bees (D:9)
  5 wights (D:9)
  A crimson imp (D:7)
  2 howler monkeys (D:7)
  A bullfrog zombie (D:4)
  A centaur zombie (D:7)
  2 bullfrog skeletons
  A gnoll shaman (D:4)
  4 orc priests
  A centaur skeleton (D:8)
  4 iguanas
  5 orc wizards
  9 worker ants
  A hound skeleton (D:5)
  2 worker ant zombies (D:8)
  15 gnolls
  A river rat (Sewer)
  18 adders
  A shadow imp (D:5)
  An ooze (D:2)
  An adder zombie (D:5)
  2 adder skeletons
  2 worms (D:3)
  3 dart slugs
  3 leopard geckos
  34 orcs
  5 bats
  4 giant cockroaches
  9 goblins
  3 hobgoblins
  15 jackals
  2 quokkas
  2 ball pythons
  4 frilled lizards
  A giant cockroach zombie (D:5)
  A jackal zombie (D:8)
  17 kobolds
  9 rats
277 creatures vanquished.

Vanquished Creatures (others)
  A quokka (D:3)
  16 fungi
  46 plants (Lair:1)
63 creatures vanquished.

Grand Total: 340 creatures vanquished

Notes
Turn   | Place    | Note
-------+----------+-------------------------------------------
     0 | D:1      | Firecrotchwizard the Troll Fighter began the quest for the Orb.
     0 | D:1      | Reached XP level 1. HP: 22/22 MP: 0/0
   115 | D:1      | Reached XP level 2. HP: 29/29 MP: 1/1
   328 | D:1      | Reached skill level 3 in Unarmed Combat
   347 | D:1      | Reached XP level 3. HP: 28/36 MP: 2/2
  1037 | D:2      | Found an ornate altar of the Wu Jian Council.
  1174 | D:2      | Reached skill level 3 in Fighting
  1249 | D:2      | Reached XP level 4. HP: 43/45 MP: 3/3
  1469 | D:2      | Reached skill level 4 in Unarmed Combat
  1649 | D:3      | Found a white marble altar of Elyvilon.
  1957 | D:3      | Reached XP level 5. HP: 45/53 MP: 4/4
  2255 | D:4      | Reached skill level 5 in Unarmed Combat
  2327 | D:4      | Found a sparkling altar of Nemelex Xobeh.
  2464 | D:4      | Reached XP level 6. HP: 48/62 MP: 5/5
  2503 | D:4      | Found Pydwuipp's Jewellery Shop.
  2513 | D:4      | Found an opulent altar of Gozag.
  3006 | D:5      | Entered Level 5 of the Dungeon
  3130 | D:5      | Reached skill level 4 in Fighting
  3137 | D:5      | Reached skill level 6 in Unarmed Combat
  3300 | D:5      | Found a burning altar of Makhleb.
  3488 | D:5      | Reached XP level 7. HP: 56/70 MP: 6/6
  4054 | D:6      | Reached skill level 7 in Unarmed Combat
  4093 | D:6      | Noticed Pikel
  4128 | D:6      | Found a staircase to the Ecumenical Temple.
  4164 | D:6      | Killed Pikel
  4164 | D:6      | Reached skill level 5 in Fighting
  4164 | D:6      | Reached skill level 8 in Unarmed Combat
  4164 | D:6      | Reached XP level 8. HP: 58/80 MP: 7/7
  4247 | Temple   | Entered the Ecumenical Temple
  4338 | Temple   | Became a worshipper of Qazlal Stormbringer
  4436 | D:6      | Found a glowing drain.
  4450 | Sewer    | Entered a sewer
  4563 | Sewer    | Found a white marble altar of Elyvilon.
  4641 | D:6      | Reached skill level 9 in Unarmed Combat
  5182 | D:7      | Reached * piety under Qazlal
  5182 | D:7      | Reached skill level 6 in Fighting
  5311 | D:7      | Reached XP level 9. HP: 81/89 MP: 8/8
  5404 | D:7      | Reached skill level 10 in Unarmed Combat
  5861 | D:8      | Noticed Maurice
  5878 | D:8      | Killed Maurice
  5878 | D:8      | Reached skill level 11 in Unarmed Combat
  5913 | D:8      | Reached skill level 1 in Invocations
  5981 | D:8      | Found a sacrificial altar of Ru.
  6030 | D:8      | Found a staircase to the Lair.
  6058 | D:8      | Found a runed door.
  6060 | D:8      | Reached ** piety under Qazlal
  6066 | D:8      | Found a basalt altar of Yredelemnul.
  6140 | D:8      | Noticed Gastronok
  6152 | D:8      | Reached skill level 3 in Shields
  6165 | D:8      | Killed Gastronok
  6165 | D:8      | Reached skill level 4 in Shields
  6165 | D:8      | Reached skill level 4 in Invocations
  6165 | D:8      | Reached XP level 10. HP: 56/100 MP: 9/12
  6354 | D:8      | Reached skill level 5 in Shields
  7034 | D:9      | Noticed a two-headed ogre
  7042 | D:9      | Killed a two-headed ogre
  7042 | D:9      | Reached skill level 5 in Invocations
  7054 | D:9      | Found a flagged portal.
  7121 | Bailey   | Entered a bailey
  7191 | Bailey   | Noticed an orc knight
  7420 | D:9      | Reached skill level 6 in Shields
  7475 | D:9      | Reached skill level 6 in Invocations
  7565 | D:9      | Found a sacrificial altar of Ru.
  7620 | D:9      | Reached *** piety under Qazlal
  8088 | D:4      | Bought an uncursed ring of poison resistance for 200 gold pieces
  8210 | Lair:1   | Entered Level 1 of the Lair of Beasts
  8290 | Lair:1   | Noticed Prince Ribbit
  8329 | D:8      | Killed Prince Ribbit
  8329 | D:8      | Reached XP level 11. HP: 68/107 MP: 13/15
  8434 | Lair:1   | Reached skill level 7 in Invocations
  8492 | Lair:1   | Reached skill level 7 in Shields
  8930 | Lair:1   | Noticed a wolf spider
  8936 | Lair:1   | Killed a wolf spider
  9204 | Lair:1   | Reached skill level 8 in Invocations
  9349 | Lair:2   | Noticed a death yak
  9349 | Lair:2   | Noticed a death yak
  9349 | Lair:2   | Noticed a death yak
  9352 | Lair:2   | Noticed a death yak
  9368 | Lair:1   | Killed a death yak
  9368 | Lair:1   | Reached skill level 8 in Shields
  9412 | Lair:1   | Killed a death yak
  9480 | Lair:1   | Killed a death yak
  9485 | Lair:1   | Killed a death yak
  9685 | Lair:2   | Reached skill level 9 in Invocations
  9725 | Lair:2   | Identified the Guide on Dusty Stolen Souls
  9739 | Lair:2   | Noticed a five-headed hydra
  9746 | Lair:2   | Killed a seven-headed hydra
  9861 | Lair:2   | HP: 22/107 [manticore (7)]
  9863 | Lair:2   | Reached skill level 9 in Shields
  9871 | Lair:2   | Found a staircase to the Shoals.
 10105 | Lair:2   | Reached XP level 12. HP: 115/115 MP: 18/18
 10143 | Lair:2   | Found a staircase to the Snake Pit.
 10464 | Lair:3   | Noticed a five-headed hydra
 10492 | Lair:3   | Reached skill level 1 in Armour
 10592 | Lair:3   | HP: 27/115 [six-headed hydra (6)]
 10597 | Lair:3   | HP: 18/115 [six-headed hydra (9)]
 10598 | Lair:3   | HP: 1/115 [six-headed hydra (9)]
 10598 | Lair:3   | Mangled by a six-headed hydra

Vault maps used:
D:1:      minmay_arrival_hallway, serial_forest, infiniplex_forest_lined_2,
          infiniplex_forest_straight_2, infiniplex_forest_corner_1,
          infiniplex_forest_clump_medium, infiniplex_forest_clump_large,
          infiniplex_forest_corner_2, roderic_roman_lattice, minmay_cut_off
D:2:      marbit_many_paths, minmay_misc_feat_secret_circle
D:3:      elyvilon_altar_4, first_ration
D:4:      overflow_temple_1_default, grunt_gozag_statues, serial_shops,
          kennysheep_mini, serial_corexii_hall, corexii_hall_statues_l,
          corexii_hall_statues_l
D:5:      old_standard_altar, minivault_23, kennysheep_generic_room_10
D:6:      minmay_temple_entry_statues_fountains, portal_sewer_entry_d,
          uniq_pikel
D:7:      grunt_ogre_cave
D:8:      lemuel_crystal_altar, dpeg_oklobed_lair, dk_yredelemnul_ordeal,
          uniq_maurice, uniq_gastronok
D:9:      special_room, lightli_bailey_entry_fortress, st_stairs_14,
          lemuel_statue_altar
Temple:   eino_temple_rhombus
Lair:1:   minmay_lair_venomous_thicket, uniq_prince_ribbit2
Lair:2:   minmay_shoals_entry_beasts, minmay_snake_entry_guardpost_small,
          serial_bayou_pond_e
Lair:3:   uniq_urug
Sewer:    sewer_kobolds
Bailey:   bailey_axe_1, bailey

Skill      XL: |  1  2  3  4  5  6  7  8  9 10 11 12 |
---------------+-------------------------------------+-----
Unarmed Combat | 3 4 5 6 8 9 11 | 11.2
Fighting       | 3 4 5 6 |  6.9
Invocations    | 4 6 9 |  9.6
Shields        | 4 6 9 |  9.0
Armour         | 1 |  1.5
Dodging        | |  2.4

Action                   |  1- 3 |  4- 6 |  7- 9 | 10-12 || total
-------------------------+-------+-------+-------+-------++-------
Melee: Unarmed           |    97 |   194 |   273 |   422 ||   986
Invok: Upheaval          |       |       |       |     5 ||     5
Evoke: Wand              |       |       |       |     8 ||     8
  Use: Scroll            |       |       |     7 |     1 ||     8
       Potion            |       |       |       |     4 ||     4
  Eat: Chunk             |    16 |    22 |    32 |    40 ||   110
Armor: Robe              |    32 |    45 |    60 |    76 ||   213
Dodge: Dodged            |    31 |    51 |    52 |   135 ||   269
Block: Shield            |    53 |    78 |    97 |   376 ||   604

Table legend:
 A = Spawn XP
 B = Non-spawn XP
 C = Spawn XP percentage of total XP
 D = Spawn monster count
 E = Non-spawn monster count
 F = Spawn count percentage of total count
 G = Total turns spent on level
                    A         B        C        D         E        F      G
               +---------+---------+-------+---------+---------+-------+---------
         Total |       0 |   23692 |   0.0 |       0 |     276 |   0.0 | 10598
               +---------+---------+-------+---------+---------+-------+---------
           D:1 |       0 |      67 |   0.0 |       0 |      23 |   0.0 |   954
           D:2 |       0 |      63 |   0.0 |       0 |      13 |   0.0 |   670
           D:3 |       0 |     104 |   0.0 |       0 |      20 |   0.0 |   668
           D:4 |       0 |     202 |   0.0 |       0 |       9 |   0.0 |   773
           D:5 |       0 |     552 |   0.0 |       0 |      31 |   0.0 |  1089
           D:6 |       0 |    1047 |   0.0 |       0 |      15 |   0.0 |   864
           D:7 |       0 |    1729 |   0.0 |       0 |      23 |   0.0 |   762
           D:8 |       0 |    3791 |   0.0 |       0 |      28 |   0.0 |  1233
           D:9 |       0 |    3164 |   0.0 |       0 |      48 |   0.0 |   898
        Lair:1 |       0 |    8084 |   0.0 |       0 |      29 |   0.0 |  1307
        Lair:2 |       0 |    3526 |   0.0 |       0 |      14 |   0.0 |   888
        Lair:3 |       0 |    1091 |   0.0 |       0 |       7 |   0.0 |   118
         Sewer |       0 |     123 |   0.0 |       0 |      11 |   0.0 |   158
        Bailey |       0 |     149 |   0.0 |       0 |       5 |   0.0 |   108
               +---------+---------+-------+---------+---------+-------+---------

Vault maps used:
D:1:      minmay_arrival_hallway, serial_forest, infiniplex_forest_lined_2,
          infiniplex_forest_straight_2, infiniplex_forest_corner_1,
          infiniplex_forest_clump_medium, infiniplex_forest_clump_large,
          infiniplex_forest_corner_2, roderic_roman_lattice, minmay_cut_off
D:2:      marbit_many_paths, minmay_misc_feat_secret_circle
D:3:      elyvilon_altar_4, first_ration
D:4:      overflow_temple_1_default, grunt_gozag_statues, serial_shops,
          kennysheep_mini, serial_corexii_hall, corexii_hall_statues_l,
          corexii_hall_statues_l
D:5:      old_standard_altar, minivault_23, kennysheep_generic_room_10
D:6:      minmay_temple_entry_statues_fountains, portal_sewer_entry_d,
          uniq_pikel
D:7:      grunt_ogre_cave
D:8:      lemuel_crystal_altar, dpeg_oklobed_lair, dk_yredelemnul_ordeal,
          uniq_maurice, uniq_gastronok
D:9:      special_room, lightli_bailey_entry_fortress, st_stairs_14,
          lemuel_statue_altar
Temple:   eino_temple_rhombus
Lair:1:   minmay_lair_venomous_thicket, uniq_prince_ribbit2
Lair:2:   minmay_shoals_entry_beasts, minmay_snake_entry_guardpost_small,
          serial_bayou_pond_e
Lair:3:   uniq_urug
Sewer:    sewer_kobolds
Bailey:   bailey_axe_1, bailey

Table legend:
 A = Turns spent in this place as a percentage of turns spent in the entire game.
 B = Non-inter-level travel turns spent in this place as a percentage of non-inter-level travel turns spent in the entire game.
 C = Inter-level travel turns spent in this place as a percentage of turns spent in this place.
 D = Turns resting spent in this place as a percentage of non-inter-level travel turns spent in this place.
 E = Turns spent auto-exploring this place as a percentage of non-inter-level travel turns spent in this place.
 F = Non-inter-level travel turns spent in this place divided by the number of levels of this place that you've seen.
                   A       B       C       D       E      F
               +-------+-------+-------+-------+-------+----------------------
         Total | 100.0 | 100.0 |   6.5 |  13.1 |  64.9 | 660.8
       Dungeon |  74.6 |  74.2 |   7.1 |   8.6 |  70.9 | 816.9
        Temple |   1.0 |   0.7 |  34.3 |   0.0 |  98.6 |  71.0
          Lair |  21.8 |  22.4 |   3.9 |  28.7 |  47.2 | 741.0
         Sewer |   1.5 |   1.6 |   0.0 |   0.0 |  65.8 | 158.0
        Bailey |   1.0 |   1.1 |   0.0 |  28.7 |   0.0 | 108.0
               +-------+-------+-------+-------+-------+----------------------

Table legend:
 A = Kills in this place as a percentage of kills in entire the game.
 B = Kills by you in this place as a percentage of kills by you in the entire game.
 C = Kills by friends in this place as a percentage of kills by friends in the entire game.
 D = Other kills in this place as a percentage of other kills in the entire game.
 E = Experience gained in this place as a percentage of experience gained in the entire game.
 F = Experience gained in this place divided by the number of levels of this place that you have seen.
                   A       B       C       D       E      F
               +-------+-------+-------+-------+-------+----------------------
         Total | 100.0 | 100.0 |   N/A |   N/A | 100.0 | 1579.5
       Dungeon |  76.1 |  76.1 |   N/A |   N/A |  45.2 | 1191.0
          Lair |  18.1 |  18.1 |   N/A |   N/A |  53.6 | 4233.7
         Sewer |   4.0 |   4.0 |   N/A |   N/A |   0.5 | 123.0
        Bailey |   1.8 |   1.8 |   N/A |   N/A |   0.6 | 149.0
               +-------+-------+-------+-------+-------+----------------------
